 Dungeon Crawl Stone Soup version 0.21-a0-286-g6fcecc0 (webtiles) character file.

123 JackS81 the Slasher (level 4, 0/35 HPs)
             Began as a Demonspawn Berserker on Sept 28, 2017.
             Was a Believer of Trog.
             Slain by a gnoll
             ... wielding a +0 spear
              (4 damage)
             ... on level 3 of the Dungeon.
             The game lasted 00:08:45 (2202 turns).

JackS81 the Slasher (Demonspawn Berserker)          Turns: 2202, Time: 00:08:45

Health: 0/35       AC:  5    Str: 18    XL:     4   Next: 79%
Magic:  4/4        EV: 12    Int:  8    God:    Trog [**....]
Gold:   129        SH:  0    Dex: 13    Spells: 3/3 levels left

rFire    . . .     SeeInvis .   a - +0 falchion
rCold    . . .     Gourm    .   (no shield)
rNeg     + . .     Faith    .   s - +2 leather armour {rN+}
rPois    .         Spirit   .   (helmet restricted)
rElec    .         Reflect  .   (no cloak)
rCorr    .         Harm     .   (no gloves)
MR       .....                  (no boots)
Stlth    +.........             (no amulet)
HPRegen  0.11/turn              w - ring of flight
MPRegen  0.09/turn              (no ring)

@: no status effects
A: claws 1, horns 1, talons 1
a: Berserk, Trog's Hand, Burn Spellbooks, Renounce Religion, Evoke Flight


You were on level 3 of the Dungeon.
You worshipped Trog.
Trog was pleased with you.
You were not hungry.

You visited 1 branch of the dungeon, and saw 3 of its levels.

You collected 129 gold pieces.

Inventory:

Hand Weapons
 a - a +0 falchion (weapon)
Missiles
 d - 32 arrows
 e - 83 stones
 o - 31 bolts
 u - 6 poisoned tomahawks (quivered)
 x - 13 poisoned needles
Armour
 b - a +0 animal skin
 j - a +0 helmet
 s - a +2 leather armour of positive energy (worn)
Jewellery
 w - a ring of flight (left claw)
Scrolls
 f - a scroll of teleportation {unknown}
 g - 2 scrolls of identify {unknown}
 k - 2 scrolls of remove curse {unknown}
 p - a scroll of enchant armour {unknown}
 t - a scroll of enchant weapon {unknown}
Potions
 h - a potion of agility {unknown}
 l - a potion of mutation
 m - a potion of curing {unknown}
 n - 2 potions of ambrosia {unknown}
Comestibles
 c - 6 bread rations
 i - 3 fruits
 q - a royal jelly
 r - a meat ration
 v - 2 chunks of flesh


   Skills:
 - Level 3.0 Fighting
 * Level 5.0 Long Blades
 * Level 1.9 Armour
 - Level 1.7 Dodging


You had 3 spell levels left.
You didn't know any spells.

Dungeon Overview and Level Annotations

Branches:
Dungeon (3/15)

Altars:


Innate Abilities, Weirdness & Mutations

You have sharp fingernails.
You have a pair of small horns on your head.
You have sharp toenails.


Message History

The gnoll hits you but does no damage. The gnoll hits you with a club.
The gnoll barely misses you.
You hit the gnoll but do no damage. Your kick misses the gnoll.
You headbutt the gnoll, but do no damage.
The gnoll is lightly wounded.
The gnoll hits you with a club!
* * * LOW HITPOINT WARNING * * *
The gnoll hits you from afar with a spear.
* * * LOW HITPOINT WARNING * * *
Things that are here:
a halberd; a gnoll corpse
Items here: )) †† a spear; a whip; a gnoll corpse x2
You see here a flail.
It was a potion of mutation.
You feel extremely strange.
You feel clumsy.
You feel agile. The gnoll hits you with a club.
* * * LOW HITPOINT WARNING * * *
The gnoll hits you from afar with a spear.
You die...

.#.# ##.## #.# #..
.#.######...## #.#
#.# ............<#
#.# #.# #
...######...####
#.#####.#.# ..##
#.........#
#..)......# .##
#.###.###.#
#.#####........
.#####.###.# #.# #)#
......%..
...[....)..###.###g#
#.g.......
.#####.###......@g.#
#..#####..
.#####.###.###.#####
#..#!![#..
.........#.# #.#
#..#?!$#..
.#####.#.# #..
...#[!!#!.
....##..... ...
###.####.#.# ##. #
.#.# .# # #


You could see 2 gnolls.

Vanquished Creatures
  5 gnolls (D:3)
  2 adders
  A dart slug (D:2)
  2 leopard geckos
  7 orcs (D:3)
  4 bats
  2 giant cockroaches (D:3)
  5 goblins
  3 hobgoblins
  3 jackals (D:2)
  A quokka (D:2)
  5 frilled lizards
  4 kobolds
  4 rats
48 creatures vanquished.

Notes
Turn   | Place    | Note
-------+----------+-------------------------------------------
     0 | D:1      | JackS81 the Demonspawn Berserker began the quest for the Orb.
     0 | D:1      | Reached XP level 1. HP: 18/18 MP: 1/1
   108 | D:1      | Reached skill level 3 in Long Blades
   345 | D:1      | Gained mutation: You have sharp fingernails. [demonic ancestry]
   345 | D:1      | Reached XP level 2. HP: 24/24 MP: 2/2
   955 | D:2      | Gained mutation: You have sharp toenails. [demonic ancestry]
   955 | D:2      | Reached XP level 3. HP: 22/29 MP: 3/3
  1190 | D:2      | Reached skill level 4 in Long Blades
  1610 | D:3      | Reached ** piety under Trog
  1924 | D:3      | Gained mutation: You have a pair of small horns on your head. [demonic ancestry]
  1924 | D:3      | Reached XP level 4. HP: 34/35 MP: 4/4
  2193 | D:3      | Reached skill level 5 in Long Blades
  2202 | D:3      | Gained mutation: You are clumsy. (Dex -2) [potion of mutation]
  2202 | D:3      | Lost mutation: You are clumsy. (Dex -2) [potion of mutation]
  2202 | D:3      | Slain by a gnoll

Vault maps used:
D:1:      elethiomel_arrival_maze
D:2:      minmay_wonky_spiral, minmay_misc_feat_square
D:3:      lemuel_doored_altar, first_bread, due_unseen_surprise, uniq_ijyb

Skill      XL: |  1  2  3  4 |
---------------+-------------+-----
Long Blades    | 3 4 5 |  5.0
Fighting       | |  3.0
Armour         | |  1.9
Dodging        | |  1.7

Action                   |  1- 3 |  4- 6 || total
-------------------------+-------+-------++-------
Melee: Falchion          |    77 |    26 ||   103
       Kick              |     6 |     7 ||    13
       Headbutt          |       |     7 ||     7
Throw: Stone             |     3 |       ||     3
       Tomahawk          |     9 |       ||     9
  Use: Potion            |       |     1 ||     1
 Stab: Sleeping          |     2 |       ||     2
  Eat: Bread ration      |     1 |       ||     1
       Chunk             |     1 |       ||     1
Armor: Animal skin       |    15 |       ||    15
       Leather armour    |     2 |     6 ||     8
Dodge: Dodged            |    43 |    20 ||    63
       Rpst.: Falchion   |     9 |     4 ||    13

Table legend:
 A = Spawn XP
 B = Non-spawn XP
 C = Spawn XP percentage of total XP
 D = Spawn monster count
 E = Non-spawn monster count
 F = Spawn count percentage of total count
 G = Total turns spent on level
                    A         B        C        D         E        F      G
               +---------+---------+-------+---------+---------+-------+---------
         Total |       0 |     176 |   0.0 |       0 |      48 |   0.0 |  2202
               +---------+---------+-------+---------+---------+-------+---------
           D:1 |       0 |      22 |   0.0 |       0 |      15 |   0.0 |   803
           D:2 |       0 |      36 |   0.0 |       0 |      12 |   0.0 |   793
           D:3 |       0 |     118 |   0.0 |       0 |      21 |   0.0 |   606
               +---------+---------+-------+---------+---------+-------+---------
